 Dungeon Crawl Stone Soup version 0.27-a0-1334-g2746e35aca (webtiles) character file.

Game seed: 4238685254344672141

93 Delamore the Sneak (level 4, -7/30 HPs)
             Began as an Octopode Brigand on June 26, 2021.
             Killed from afar by an orc wizard (10 damage)
             ... with a puff of flame
             ... on level 3 of the Dungeon.
             The game lasted 00:01:55 (2141 turns).

Delamore the Sneak (Octopode Brigand)               Turns: 2141, Time: 00:01:56

Health: -7/30      AC:  1    Str: 10    XL:     4   Next: 61%
Magic:  4/4        EV: 13    Int: 13    God:
Gold:   96         SH:  0    Dex: 14    Spells: 3/3 levels left

rFire    . . .     SeeInvis .   p - +2 short sword (venom)
rCold    . . .     Faith    .   (no shield)
rNeg     . . .     Spirit   .   (helmet restricted)
rPois    .         Reflect  .   (no amulet)
rElec    .         Harm     .   (no ring)
rCorr    .         Rampage  .   (no ring)
Will     .....                  (no ring)
Stlth    ++........             (no ring)
HPRegen  0.10/turn              (no ring)
MPRegen  0.09/turn              (no ring)
                                (no ring)
                                (no ring)

@: confused
A: almost no armour, amphibious, 8 rings, camouflage 1, gelatinous body 1,
(nimble swimmer 1), tentacles
a: no special abilities


You were on level 3 of the Dungeon.
You visited 1 branch of the dungeon, and saw 3 of its levels.

You collected 96 gold pieces.

Inventory:

Hand Weapons
 a - a +2 dagger
 n - a +0 dagger of freezing
 p - a +2 short sword of venom (weapon)
Missiles
 b - 8 poisoned darts
 c - 2 curare-tipped darts
 d - 5 boomerangs (quivered)
Jewellery
 m - an amulet of regeneration
Scrolls
 h - 2 scrolls of identify {unknown}
 l - 2 scrolls of teleportation {unknown}
 o - a scroll of noise {unknown}
Potions
 e - a potion of flight {unknown}
 f - 3 potions of heal wounds {unknown}
 g - a potion of resistance {unknown}
 i - 2 potions of haste {unknown}
 j - 2 potions of ambrosia {unknown}
 k - 2 potions of curing {unknown}


   Skills:
 + Level 2.8 Fighting
 * Level 3.5 Short Blades
 - Level 2.0 Throwing
 + Level 2.2 Dodging
 - Level 5.3 Stealth


You had 3 spell levels left.
You didn't know any spells.
Your spell library was empty.

Dungeon Overview and Level Annotations

Branches:
Dungeon (3/15)

Altars:
Nemelex Xobeh


Innate Abilities, Weirdness & Mutations

You cannot wear most types of armour.
You are amphibious.
You can wear up to eight rings at the same time.
Your skin changes colour to match your surroundings (Stealth+).
Your rubbery body absorbs attacks. (AC +1, EV +1)
((You are camouflaged near water. (Stealth+)))
You have tentacles for arms and can constrict up to eight enemies at once.


Message History

Your +0 dagger of freezing stops glowing.
Your +2 short sword of venom begins to drip with poison!
p - a +2 short sword of venom (weapon)
You now have 96 gold pieces (gained 9).
An orc wizard comes into view. It is wielding a +0 dagger.
An orc wizard is nearby!
An orc wizard is nearby!
A hobgoblin comes into view.
An orc and an orc priest come into view.
An orc comes into view. It is wielding a +0 mace.
The orc shouts!
The orc priest shouts!
The orc wizard shouts!
The orc wizard points at you and mumbles some strange words.
The puff of flame hits you!
The orc priest mumbles some strange prayers to Beogh against you.
Beogh smites you!
You are too injured to fight recklessly!
You are too injured to fight recklessly!
You are too injured to fight recklessly!
You are too injured to fight recklessly!
You are too injured to fight recklessly!
You are too injured to fight recklessly!
You are too injured to fight recklessly!
You are too injured to fight recklessly!
You are too injured to fight recklessly!
You are too injured to fight recklessly!
You are too injured to fight recklessly!
You are too injured to fight recklessly!
You are too injured to fight recklessly!
You are too injured to fight recklessly!
You are too injured to fight recklessly!
You are too injured to fight recklessly!
The orc shouts!
The orc priest calls down the wrath of Beogh upon you.
Beogh smites you!
* * * LOW HITPOINT WARNING * * *
The orc wizard gestures at you while chanting.
You are confused.
The orc wizard points at you and mumbles some strange words.
The puff of flame hits you!
You die...

...#.. ##....†....
#...#####.....)...
#................
#[####..........
###.###..#........ #
#.......######..## #.
##.##.####### .....
###.#### ##.....#......
#.<# #......#
#..@.......... #..
#......###.####.#######
#. #..........###..#
#.....o........##
#...o.o.##...#........#
#.....#o....#########...
...................
............######.
.......######


You could see an orc wizard and 2 orcs.

Vanquished Creatures
  2 adders (D:2)
  3 dart slugs
  2 orcs (D:3)
  7 bats
  4 endoplasms
  2 giant cockroaches (D:2)
  7 goblins
  4 hobgoblins
  9 jackals
  4 quokkas
  7 ball pythons
  4 frilled lizards
  3 kobolds
  4 rats
62 creatures vanquished.

Vanquished Creatures (others)
  4 plants (D:2)
4 creatures vanquished.

Grand Total: 66 creatures vanquished

Notes
Turn   | Place    | Note
-------+----------+-------------------------------------------
     0 | D:1      | Delamore the Octopode Brigand began the quest for the Orb.
     0 | D:1      | Reached XP level 1. HP: 14/14 MP: 1/1
   136 | D:1      | Reached XP level 2. HP: 19/19 MP: 2/2
   497 | D:1      | Found a faded altar of an unknown god.
   532 | D:1      | Reached XP level 3. HP: 25/25 MP: 3/3
  1136 | D:2      | Found a sparkling altar of Nemelex Xobeh.
  1621 | D:2      | Reached XP level 4. HP: 30/30 MP: 4/4
  2141 | D:3      | Killed from afar by an orc wizard

Illustrated notes

Levels and vault maps discovered:
D:1:      dpeg_arrival_radiant, layout_loops_corners,
          ebering_ecumenical_altar_abandoned, chequers_mini_garden,
          minmay_hexomino_p4
D:2:      layout_basic, basic_altar, serial_bayou_ford_a,
          kennysheep_decorative_pillar, minmay_quadrilaterals
D:3:      layout_rooms, uniq_crazy_yiuf_cottage, uniq_grinder

Skill      XL: |  1  2  3 |
---------------+----------+-----
Short Blades   | 3 |  3.5
Dodging        | 2 |  2.2
Fighting       | |  2.8
Throwing       | |  2.0
Stealth        | |  5.3

Action                   |  1- 3 |  4- 6 || total
-------------------------+-------+-------++-------
Melee: Dagger            |    67 |    25 ||    92
       Constrict         |    11 |     4 ||    15
       Tentacles         |     7 |     4 ||    11
 Stab: Sleeping          |    22 |     8 ||    30
Armor: Skin              |     5 |       ||     5
Dodge: Dodged            |    38 |    11 ||    49

Table legend: (Time is in decaauts)
 A = Elapsed time spent in this place.
 B = Non-inter-level travel time spent in this place.
 C = Inter-level travel time spent in this place.
 D = Time resting spent in this place.
 E = Time spent auto-exploring this place.
 F = Levels seen in this place.
 G = Mean time per level.
                   A        B        C        D        E       F      G
               +--------+--------+--------+--------+--------+-----+--------+
         Total |   2126 |   2057 |     69 |      0 |   1744 |   3 |  708.7 |
       Dungeon |   2126 |   2057 |     69 |      0 |   1744 |   3 |  708.7 |
               +--------+--------+--------+--------+--------+-----+--------+

Top non-repeatable levels by time:
     D:1: 1063 daAuts
     D:2: 855 daAuts
     D:3: 207 daAuts
